 Dungeon Crawl Stone Soup version 0.20-a0-465-g6513c8f (webtiles) character file.

716 ololoev the Ruffian (level 7, -1/59 HPs)
             Began as a Troll Fire Elementalist on Jan 12, 2017.
             Was a Believer of Uskayaw.
             Killed from afar by Blork the orc (6 damage)
             ... with a magic dart
             ... on level 5 of the Dungeon.
             The game lasted 00:09:18 (3001 turns).

ololoev the Ruffian (Troll Fire Elementalist)       Turns: 3001, Time: 00:09:19

Health: -1/59      AC:  6    Str: 19    XL:     7   Next: 41%
Magic:  5/9        EV: 10    Int: 11    God:    Uskayaw [**....]
Gold:   154        SH:  0    Dex: 10    Spells: 7/8 levels left

rFire  . . .     SeeInvis .       - Unarmed
rCold  . . .     Gourm    +     a - +0 robe
rNeg   . . .     Faith    .     (no shield)
rPois  .         Spirit   .     (helmet restricted)
rElec  .         Reflect  .     m - +0 cloak
rCorr  .         Harm     .     (gloves unavailable)
MR     .....                    (boots unavailable)
Stlth  +.........               u - amulet of regeneration
                                (no ring)
                                (no ring)

@: starving
A: unfitting armour, claws 3, fast metabolism 3, gourmand, regeneration 1,
shaggy fur 1, tough skin 2
a: Stomp, Line Pass, Renounce Religion


Innate Abilities, Weirdness & Mutations

You are too large for most types of armour.
You have claws for hands.
Your metabolism is lightning-fast.
You like to eat raw meat.
Your natural rate of healing is unusually fast.
You are covered in fur. (AC +1)
You have very tough skin. (AC +2)

Inventory:

Armour
 a - a +0 robe (worn)
 m - a +0 cloak (worn)
Jewellery
 u - an amulet of regeneration (around neck)
Scrolls
 b - 5 scrolls of identify {unknown}
 e - 2 scrolls of magic mapping {unknown}
 j - a scroll of immolation {unknown}
 k - 2 scrolls of remove curse {unknown}
 n - a scroll of amnesia {unknown}
 p - 2 scrolls of teleportation {unknown}
 q - a scroll of recharging {unknown}
 s - a scroll of random uselessness {unknown}
 t - a scroll of blinking {unknown}
Potions
 d - 2 potions of might {unknown}
 f - 2 potions of degeneration {unknown}
 g - 4 potions of curing {unknown}
 h - 2 potions of brilliance {unknown}
 i - a potion of ambrosia {unknown}
 l - a potion of flight {unknown}
 r - a potion of lignification {unknown}
Comestibles
 c - 5 bread rations
 o - 2 slices of pizza
 v - a meat ration


   Skills:
 - Level 1.5 Dodging
 - Level 1.0 Stealth
 + Level 6.2 Unarmed Combat
 - Level 1.2 Spellcasting
 - Level 0.6 Conjurations
 - Level 2.1 Fire Magic
 + Level 4.5 Invocations


You had 7 spell levels left.
You knew the following spells:

 Your Spells              Type           Power        Failure   Level  Hunger
a - Flame Tongue          Conj/Fire      #....        21%         1    ##.....


You were on level 5 of the Dungeon.
You worshipped Uskayaw.
Uskayaw was noncommittal.
You were starving.

You visited 1 branch of the dungeon, and saw 5 of its levels.

You collected 154 gold pieces.

. ... ## ###....
.###.......
.#@.....%.
#)#####.##
...#####o.......
.......<......#.
#.###.######....
# #.# #

Notes
Turn   | Place    | Note
-------+----------+-------------------------------------------
     0 | D:1      | ololoev the Troll Fire Elementalist began the quest for the Orb.
     0 | D:1      | Reached XP level 1. HP: 16/16 MP: 1/1
     0 | D:1      | Iwannabefree: !lg . * xl>10 s=place !won
     0 | D:1      | beem: 112 games for Iwannabefree (* xl>10 !won): 11x D:11, 5x D:12, 5x Lair:6, 4x IceCv, 4x Lair:4, 4x Desolation, 3x Snake:3, 3x D:10, 3x Snake:4, 3x Pan, 3x D:14, 3x Shoals:4, 3x D:15, 2x Tomb:2, 2x Vaults:1, 2x Zot:5, 2x Swamp:4, 2x Snake:2, 2x Orc:2, 2x Lair:5, 2x Shoals:2, 2x Bailey, 2x Coc:7, 2x D:13, 2x D:9, 2x Depths:1, 2x Lair:3, 2x Elf:2, 2x Elf:3, 2x Lab, 2x Lair:2, 2x Depths:3, Geh:7, Abys...
     0 | D:1      | Iwannabefree: >4x desolation
     0 | D:1      | Iwannabefree: suka
     0 | D:1      | Iwannabefree: !lg ololoev * xl>10 s=place !won
     0 | D:1      | beem: 371 games for ololoev (* xl>10 !won): 25x D:12, 23x Depths:1, 21x IceCv, 20x D:11, 14x D:10, 13x Orc:4, 13x Depths:2, 10x Orc:2, 9x D:14, 9x D:13, 9x Lair:4, 7x Vaults:4, 7x Vaults:5, 6x Zot:5, 6x Elf:3, 6x Lair:1, 6x Lair:8, 6x Orc:3, 6x Vaults:1, 6x Swamp:4, 5x Swamp:1, 5x Spider:2, 5x Abyss:1, 5x D:15, 5x Snake:2, 4x Snake:4, 4x Spider:4, 4x Orc:1, 4x Volcano, 4x Abyss:3, 4x Elf:1, 4x Pan, 4x...
     0 | D:1      | DEFE: Можно по чеизму угореть
     0 | D:1      | DEFE: хорошо зайдет троллю-то
     0 | D:1      | ololoev: ne oche
     0 | D:1      | ololoev: defensov net, niubejat
    95 | D:1      | Iwannabefree: >21x IceCv
   104 | D:1      | Iwannabefree: eto kak
   104 | D:1      | ololoev: ya lublu icecave
   104 | D:1      | ololoev: bez rC
   104 | D:1      | Iwannabefree: eto nais
   104 | D:1      | Iwannabefree: da
   104 | D:1      | ololoev: ya daje kak-to sdelal ego s rC-
   121 | D:1      | Reached skill level 1 in Unarmed Combat
   159 | D:1      | Reached XP level 2. HP: 23/24 MP: 2/2
   330 | D:1      | Reached skill level 2 in Unarmed Combat
   514 | D:1      | ololoev: interesno, s kakogo lvla troll viderjit 3 kletki v ogne
   798 | D:2      | Reached XP level 3. HP: 22/31 MP: 3/3
   837 | D:2      | Found a hide-covered altar of Uskayaw.
   850 | D:2      | Became a worshipper of Uskayaw the Reveler
   851 | D:2      | Iwannabefree: нужно проверять экспериментально
   865 | D:2      | Reached * piety under Uskayaw
   866 | D:2      | Reached skill level 3 in Unarmed Combat
   867 | D:2      | Reached ** piety under Uskayaw
  1008 | D:2      | Found a burning altar of Makhleb.
  1015 | D:2      | Reached *** piety under Uskayaw
  1016 | D:2      | Reached skill level 1 in Invocations
  1016 | D:2      | Reached XP level 4. HP: 23/39 MP: 4/4
  1267 | D:2      | Found a radiant altar of Vehumet.
  1275 | D:2      | DEFE: маг когтей
  1300 | D:2      | Iwannabefree: брал усколява, но чет не пошло
  1300 | D:2      | Iwannabefree: пока свапнешь на даггер чтобы стабнуть
  1300 | D:2      | Iwannabefree: паралич слетает
  1300 | D:2      | DEFE: там инво много надо
  1300 | D:2      | DEFE: на длительность паралича
  1300 | D:2      | Iwannabefree: ??uskayaw
  1300 | D:2      | beem: uskayaw[1/6]: God of ecstatic dance. Piety raises very quickly as you deal damage and drops very quickly over time. *: Stomp for AOE damage. **: Teleport through a line of creatures, confusing them. ***: on reaching this piety level, briefly paralyze all enemies in LOS. ****: On reaching this piety level, monsters share damage. *****: Telefrag any monster in LOS.
  1300 | D:2      | DEFE: он хорошо с шортами, когтями и топорами заходит
  1300 | D:2      | Iwannabefree: а есть где-то формулы
  1300 | D:2      | Iwannabefree: когтями только фелиду
  1475 | D:3      | Reached XP level 5. HP: 37/45 MP: 5/5
  1533 | D:3      | Reached skill level 4 in Unarmed Combat
  1607 | D:3      | ololoev: кстати
  1607 | D:3      | ololoev: я вот так подумал
  1607 | D:3      | ololoev: абилка на 4* которая разделяет дамаг
  1607 | D:3      | ololoev: офигенно зайдет кастеру
  1607 | D:3      | ololoev: херачишь файерболом в толпу
  1607 | D:3      | ololoev: и все умирают
  1607 | D:3      | ololoev: на экране
  1628 | D:3      | Iwannabefree: вот только когда ты дойдешь до 4*
  1635 | D:3      | Iwannabefree: мана будет около нуля
  1635 | D:3      | ololoev: если дефе то быстро дойдешь
  1635 | D:3      | ololoev: и маны останется еще
  1661 | D:3      | ololoev: проблема в том что когда дойдешь до 4*, все уже умрут скорее всего
  1866 | D:3      | Noticed Ijyb
  1868 | D:3      | Noticed Sigmund
  1905 | D:3      | Iwannabefree: на все выглядит идеально
  1928 | D:2      | Iwannabefree: и немного на коте
  1933 | D:2      | Killed Ijyb
  2000 | D:3      | Killed Sigmund
  2000 | D:3      | Reached skill level 5 in Unarmed Combat
  2000 | D:3      | Reached XP level 6. HP: 42/53 MP: 2/7
  2141 | D:4      | Found an iron altar of Okawaru.
  2419 | D:4      | Found Tuthat's Book Boutique.
  2440 | D:4      | Reached XP level 7. HP: 59/59 MP: 7/9
  2480 | D:4      | Reached skill level 6 in Unarmed Combat
  2983 | D:5      | Entered Level 5 of the Dungeon
  2983 | D:5      | Noticed Blork the orc
  2998 | D:5      | HP: 2/59 [centaur (4)]
  3001 | D:5      | Killed from afar by Blork the orc

Dungeon Overview and Level Annotations

Branches:
Dungeon (5/15)
 Temple: D:4-7

Altars:
Makhleb
Okawaru
Uskayaw
Vehumet

Shops:
D:4 :

Annotations:
D:5 Blork the orc


Message History

The centaur completely misses you.
Blork the orc points at you and mumbles some strange words.
The puff of flame hits you! The centaur hits you!
You are too injured to fight recklessly!
You are too injured to fight recklessly!
You are too injured to fight recklessly!
You are too injured to fight recklessly!
You are too injured to fight recklessly!
You are too injured to fight recklessly!
You are too injured to fight recklessly!
You are too injured to fight recklessly!
You are too injured to fight recklessly!
You are too injured to fight recklessly!
You are too injured to fight recklessly!
You are too injured to fight recklessly!
You are too injured to fight recklessly!
You are too injured to fight recklessly!
You are too injured to fight recklessly!
You are too injured to fight recklessly!
You are too injured to fight recklessly!
You scratch Blork the orc.
Blork the orc is moderately wounded.
The centaur hits you. Blork the orc hits you with a war axe.
You scratch Blork the orc.
Blork the orc is heavily wounded.
The centaur hits you.
You can now pass through a line of other dancers.
You scratch Blork the orc.
Blork the orc is severely wounded.
The centaur hits you but does no damage.
Blork the orc barely misses you. The centaur closely misses you.
You closely miss Blork the orc.
Blork the orc is severely wounded.
Blork the orc closely misses you. The centaur hits you.
You claw Blork the orc!
Blork the orc is almost dead.
The centaur completely misses you.
Blork the orc begins to cast a cantrip, but forgets the words!
You completely miss Blork the orc.
Blork the orc is severely wounded.
The centaur hits you.
Blork the orc casts a spell.
Blork the orc seems to speed up.
The centaur hits you.
You scratch Blork the orc but do no damage.
You claw Blork the orc.
Blork the orc is almost dead.
Blork the orc gestures at you while chanting.
The puff of flame hits you! The centaur hits you.
Use which ability? (? or * to list)
Aiming: Line Pass
Press: ? - help, Dir - move target cursor Blork the orc appears confused.
You are starving!
You can no longer pass through a line of other dancers.
The centaur barely misses you.
Found a slice of pizza.
You barely miss the centaur. The centaur closely misses you.
You claw the centaur!
The centaur is heavily wounded.
Blork the orc seems less confused.
Blork the orc begins to cast a cantrip, but forgets the words!
The centaur hits you but does no damage.
You can now pass through a line of other dancers.
You barely miss the centaur.
The centaur is heavily wounded.
The centaur hits you.
The centaur hits you but does no damage.
You scratch the centaur.
The centaur is heavily wounded.
Blork the orc looks satisfied for a moment.
The centaur completely misses you.
You scratch the centaur.
The centaur is heavily wounded.
Blork the orc looks encouraged for a moment.
The centaur hits you but does no damage.
You claw the centaur!
You kill the centaur!
Blork the orc gestures at you while chanting.
The magic dart hits you!
You die...

You could see Blork the orc.

Vanquished Creatures
  Sigmund (D:3)
  2 ogres (D:4)
  A centaur (D:5)
  A hound (D:2)
  An orc wizard (D:4)
  Ijyb (D:2)
  2 worker ants (D:4)
  8 adders
  4 gnolls
  A howler monkey skeleton (D:4)
  An ooze (D:2)
  An adder skeleton (D:4)
  3 worms
  3 dart slugs
  A leopard gecko (D:4)
  6 orcs (D:4)
  4 goblins
  6 hobgoblins
  4 jackals
  3 quokkas
  2 ball pythons
  5 bats
  2 frilled lizards
  4 kobolds
  6 rats
73 creatures vanquished.

Action                   |  1- 3 |  4- 6 |  7- 9 || total
-------------------------+-------+-------+-------++-------
Melee: Unarmed           |   104 |   157 |    35 ||   296
       Punch             |       |     1 |     1 ||     2
Invok: Line Pass         |       |     1 |     1 ||     2
 Stab: Paralysed         |     1 |       |     1 ||     2
       Sleeping          |       |     2 |       ||     2
       Distracted        |       |     1 |       ||     1
  Eat: Chunk             |     8 |    11 |       ||    19
       Bread ration      |     1 |       |       ||     1
Armor: Robe              |    34 |    59 |    10 ||   103
Dodge: Dodged            |    46 |    87 |    19 ||   152

Vault maps used:
D:1:      mainiacjoe_arrival_reflecting_pool, hex_large, lemuel_flame_loot_1
D:2:      nicolae_overflow_hidden_temple, old_standard_altar,
          makhleb_heckhound_becter
D:3:      uniq_sigmund, uniq_iyjb
D:4:      serial_shops, kennysheep_mini, first_bread, serial_park_tiny_pond,
          chequers_big_river, kennysheep_okawaru_gauntlet
D:5:      elyvilon_altar_3, lemuel_doored_altar, nrook_mini_backslash,
          uniq_blork_the_orc
